 Dungeon Crawl Stone Soup version 0.28.0-53-g5a82cb258f (webtiles) character file.

Game seed: 12033286162837746421

22679 unlimited1921 the Thaumaturge (level 13, -13/77 HPs)
             Began as a Djinni Fire Elementalist on July 11, 2022.
             Was an Initiate of Gozag.
             Killed from afar by Jorgrun (36 damage)
             ... with a blast of rock fragments
             ... on level 1 of the Snake Pit.
             The game lasted 01:15:58 (23596 turns).

unlimited1921 the Thaumaturge (DjFE)               Turns: 23596, Time: 01:15:58

Health: -13/77     AC:  6    Str:  7    XL:     13   Next: 29%
Gold:   2206       EV: 27    Int: 27    God:    Gozag SH: 16 Dex: 20

rFire   + . .      SeeInvis +   t - +0 war axe of Eternal Vigilance {drain, rF- Int+7 Dex+4}
rCold   x . .      Faith    .   o - +0 tower shield
rNeg    + . .      Spirit   .   H - +2 robe {rN+}
rPois   ∞          Reflect  .   (no helmet)
rElec   .          Harm     .   F - +1 cloak
rCorr   .          Rampage  .   (no gloves)
Will    +....                   (boots unavailable)
Stlth   +++.......              e - amulet of the acrobat
HPRegen 0.22/turn               M - ring of wizardry
MPRegen 0.00/turn               a - ring of see invisible

@: gold aura, acrobatic, flying
A: sickness immunity, fire resistance 2, cold vulnerability 1, float, innate
caster, HP casting, extra vitality 1
a: Renounce Religion, Potion Petition, Call Merchant, Bribe Branch


You were on level 1 of the Snake Pit.
You worshipped Gozag.
Gozag was most pleased with you.
You visited 5 branches of the dungeon, and saw 14 of its levels.

You collected 2252 gold pieces.
You paid 46 gold pieces to Gozag.

Inventory:

Hand Weapons
 h - a +2 vampiric rapier
 n - a +0 rapier
 t - the +0 war axe of Eternal Vigilance (weapon) {drain, rF- Int+7 Dex+4}
   (You found it on level 2 of the Lair of Beasts)

   A truly terrible weapon, it drains the life of any living foe it strikes.
   Int:       It affects your intelligence (+7).
   Dex:       It affects your dexterity (+4).
   rF:        It makes you vulnerable to fire.
 w - a +3 trident of protection
 x - a +0 hand axe
 B - a +3 dagger
 D - a +2 whip of draining
 J - a +1 trident of freezing
 O - a +3 flail of draining
 Q - a +3 scythe of venom
 R - a +0 hand crossbow
Missiles
 b - 420 stones
 k - 5 atropa-tipped darts
 s - 23 bolts
 y - 4 boomerangs
 I - 23 poisoned darts
 L - 2 curare-tipped darts
Armour
 j - a +0 chain mail
 o - a +0 tower shield (worn)
 C - an orb of light
 F - a +1 cloak (worn)
 H - a +2 robe of positive energy (worn)
Jewellery
 a - a ring of see invisible (right hand)
 e - an amulet of the acrobat (around neck)
 M - a ring of wizardry (left hand)
Wands
 c - a wand of acid (3)
 E - a wand of paralysis (14) (quivered)
 N - a wand of digging (6)
 W - a wand of iceblast (3)
Scrolls
 d - 4 scrolls of enchant weapon {unknown}
 i - 3 scrolls of blinking {unknown}
 p - a scroll of fear
 q - 2 scrolls of immolation
 u - 5 scrolls of teleportation {unknown}
 v - a scroll of identify
 S - 2 scrolls of enchant armour {unknown}
 Y - a scroll of summoning
Potions
 f - 2 potions of heal wounds
 g - a potion of berserk rage
 l - 4 potions of degeneration {unknown}
 m - a potion of brilliance
 r - 3 potions of curing {unknown}
 z - 4 potions of might {unknown}
 K - a potion of mutation
 X - a potion of lignification


   Skills:
 + Level 1.6 Fighting
 * Level 2.8 Armour
 + Level 5.0 Dodging
 + Level 5.0 Stealth
 + Level 7.3 Shields
 + Level 14.5 Spellcasting


You had 10 spell levels left.
You knew the following spells:

 Your Spells              Type           Power      Damage    Failure   Level
a - Foxfire               Conj/Fire      100%       2x1d9     1%          1
b - Scorch                Fire           100%       2d10      1%          2
c - Conjure Flame         Conj/Fire      78%        6-21      1%          3
d - Inner Flame           Hex/Fire       78%        N/A       1%          3
e - Flame Wave            Conj/Fire      78%        2d14      1%          4
f - Freeze                Ice            100%       1d11      1%          1
g - Ensorcelled Hibernat  Hex/Ice        100%       N/A       1%          2
h - Ignite Poison         Fire/Tmut/Pois 78%        N/A       1%          3
i - Stone Arrow           Conj/Erth      100%       3d13      1%          3
j - Cause Fear            Hex            39%        N/A       1%          4
k - Metabolic Englaciati  Hex/Ice        39%        N/A       1%          5
Your spell library was empty.

Dungeon Overview and Level Annotations

Branches:
Dungeon (8/15)             Temple (1/1) D:4            Lair (3/6) D:8
  Swamp (1/4) Lair:2        Snake (1/4) Lair:3

Altars:
Ashenzari
Cheibriados
Dithmenos
Elyvilon
Fedhas
Gozag
Hepliaklqana
Kikubaaqudgha
Makhleb
Nemelex Xobeh
Okawaru
Qazlal
Ru
Sif Muna
Trog
Vehumet
Wu Jian
Xom
Yredelemnul
Zin
The Shining One

Shops:
D:5 [

Annotations:
Snake:1 Jorgrun


Innate Abilities, Weirdness & Mutations

You are immune to sickness and miasma.
You are immune to poison.
Your flesh is very heat resistant. (rF++)
You are vulnerable to cold. (rC-)
You float through the air rather than walking.
You learn spells naturally, not from books.
Your magical power is your life essence.
You have superior vitality. (+4 MHP)


Message History

Casting: Inner Flame (safe; 1% risk of failure)
Confirm with . or Enter, or press ? or * to list all spells.
Aiming: Stone Arrow (safe; 1% risk of failure)
Press: ? - help, Shift-Dir - straight line, f/p - black mamba
Aim: a black mamba (flame, moderately wounded, inner flame, 63% to hit)
The stone arrow hits the black mamba!
Flame seeps out of the black mamba.
The black mamba is heavily wounded.
The black mamba is engulfed in blazing flames.
Flame seeps out of the black mamba.
The black mamba is engulfed in blazing flames.
The black mamba explodes!
The naga warrior spits poison at you.
The splash of poison hits you but does no damage.
You resist.
You hear a bellow!
You hear a shout!
Your Stealth skill increases to level 5!
Casting: Stone Arrow (safe; 1% risk of failure)
Confirm with . or Enter, or press ? or * to list all spells.
Aiming: Stone Arrow (safe; 1% risk of failure)
Press: ? - help, Shift-Dir - straight line, f - naga warrior
Aim: a naga warrior, wielding a +0 trident (moderately wounded, inner flame, catching its breath, 78% to hit)
The stone arrow hits the naga warrior!!
Flame seeps out of the naga warrior.
The naga warrior is severely wounded.
The naga warrior is engulfed in blazing flames.
Flame seeps out of the naga warrior.
Casting: Stone Arrow (safe; 1% risk of failure)
Confirm with . or Enter, or press ? or * to list all spells.
Flames lash the naga warrior.
Flame seeps out of the naga warrior.
The naga warrior is almost dead.
The naga warrior's fire resistance burns away.
* * * LOW HITPOINT WARNING * * *
The naga warrior is engulfed in blazing flames.
The naga warrior explodes!
You hear a grinding noise.
Found 6 gold pieces.
Jorgrun Earthshaker comes into view.
He is wielding a staff of earth.
Jorgrun points next to you and mumbles some strange words.
The wall shatters!
The blast of rock fragments hits you!!!
You die...
Your body crumbles into a pile of gold. $$$$$

$$ $$ . $$
$$ .. $ $$$
... ....
########..#
#$..#....#
##...@.#
#......#
#..#....#
$..#$...$.#
$ .g
#☼§....#
#☼§$####
.$...$§)#.#
...#..).§...
...§°##..##
$


You could see Jorgrun.

Vanquished Creatures
  5 hydras
  A naga warrior (Snake:1)
  A two-headed ogre (D:8)
  Pikel (D:6)
  3 black mambas
  3 elephants (Lair:3)
  6 cane toads
  4 kobold demonologists (D:6)
  8 komodo dragons
  A troll (D:6)
  A polar bear (Lair:1)
  A hornet (D:8)
  2 tyrant leeches (Lair:2)
  12 blink frogs
  Sigmund (D:7)
  3 wyverns
  18 yaks (Lair:2)
  2 basilisks (D:8)
  2 swamp worms (Lair:2)
  Edmund (D:7)
  2 nagas (Snake:1)
  9 water moccasins
  3 sky beasts
  A black bear (D:4)
  A swamp drake (D:8)
  4 ogres
  4 centaurs
  2 lemures (D:6)
  7 bullfrogs
  2 scorpions (D:4)
  4 kobold brigands
  A wyvern zombie (D:7)
  A water moccasin skeleton (D:5)
  3 howler monkeys (D:7)
  A bullfrog zombie (D:6)
  6 crimson imps (D:8)
  2 hounds
  3 orc priests (D:8)
  A jelly (D:8)
  2 centaur skeletons
  A gnoll shaman (D:5)
  2 bullfrog skeletons
  An iguana (D:5)
  5 orc wizards
  A killer bee zombie (D:8)
  A hound zombie (D:5)
  3 gnolls (D:5)
  2 adders
  7 white imps
  3 worms
  A dart slug (D:1)
  13 orcs
  7 ball pythons
  7 endoplasms
  4 giant cockroaches
  6 goblins
  A hobgoblin (D:2)
  8 jackals
  24 kobolds
  3 quokkas
  4 bats
  5 frilled lizards
  5 rats
  2 rat zombies (D:7)
251 creatures vanquished.

Vanquished Creatures (others)
  779 foxfires
  17 fungi
  24 plants
820 creatures vanquished.

Grand Total: 1071 creatures vanquished

Notes
Turn   | Place    | Note
-------+----------+-------------------------------------------
     0 | D:1      | unlimited1921 the Djinni Fire Elementalist began the quest
                  | for the Orb.
     0 | D:1      | Reached XP level 1. HP: 15/15 MP: 0/0
   543 | D:1      | Reached XP level 2. HP: 18/21 MP: 0/0
  2000 | D:1      | Reached skill level 3 in Spellcasting
  2236 | D:1      | Reached XP level 3. HP: 24/25 MP: 0/0
  2236 | D:1      | Learned a level 1 spell: Freeze
  5001 | D:2      | Reached XP level 4. HP: 27/31 MP: 0/0
  6563 | D:3      | Reached XP level 5. HP: 32/35 MP: 0/0
  6563 | D:3      | Learned a level 2 spell: Ensorcelled Hibernation
  6764 | D:3      | Found a sparkling altar of Nemelex Xobeh.
  7331 | D:4      | Reached skill level 4 in Spellcasting
  8001 | D:4      | Found a staircase to the Ecumenical Temple.
  8029 | D:4      | Noticed a black bear
  8043 | D:4      | Killed a black bear
  8044 | D:4      | Reached XP level 6. HP: 23/40 MP: 0/0
  8279 | D:4      | Reached skill level 5 in Spellcasting
  8629 | Temple   | Entered the Ecumenical Temple
  8705 | Temple   | Became a worshipper of Gozag Ym Sagoz the Greedy
  9269 | D:5      | Entered Level 5 of the Dungeon
  9275 | D:5      | Reached XP level 7. HP: 23/45 MP: 0/0
  9275 | D:5      | Learned a level 3 spell: Ignite Poison
 10114 | D:5      | Reached skill level 6 in Spellcasting
 10479 | D:5      | Reached XP level 8. HP: 39/50 MP: 0/0
 10964 | D:5      | You are sucked into a shaft and drop 2 floors!
 10994 | D:7      | Noticed a wyvern
 11012 | D:6      | Killed a wyvern
 11394 | D:6      | Reached skill level 7 in Spellcasting
 11639 | D:6      | Noticed a kobold demonologist
 11639 | D:6      | Noticed a kobold demonologist
 11640 | D:6      | Noticed a kobold demonologist
 11647 | D:6      | Noticed a soul eater
 11650 | D:6      | Killed a kobold demonologist
 11651 | D:6      | Reached XP level 9. HP: 47/56 MP: 0/0
 11651 | D:6      | Learned a level 3 spell: Stone Arrow
 11656 | D:6      | Killed a kobold demonologist
 11657 | D:6      | Reached skill level 8 in Spellcasting
 11688 | D:6      | Noticed a kobold demonologist
 11692 | D:6      | Killed a kobold demonologist
 11694 | D:6      | Killed a kobold demonologist
 12151 | D:5      | Found Riunecomi's Antique Armour Shoppe.
 12241 | D:6      | Reached skill level 9 in Spellcasting
 12382 | D:6      | Noticed Pikel
 12385 | D:6      | Killed Pikel
 12386 | D:6      | Reached skill level 1 in Shields
 12386 | D:6      | Reached XP level 10. HP: 42/61 MP: 0/0
 12906 | D:6      | Reached skill level 1 in Fighting
 12906 | D:6      | Reached skill level 10 in Spellcasting
 14153 | D:7      | Noticed Sigmund
 14159 | D:7      | Killed Sigmund
 14161 | D:7      | Noticed Edmund
 14166 | D:7      | Killed Edmund
 14927 | D:8      | Noticed a two-headed ogre
 14932 | D:8      | Killed a two-headed ogre
 15653 | D:8      | Reached XP level 11. HP: 50/67 MP: 0/0
 15653 | D:8      | Learned a level 4 spell: Cause Fear
 15900 | D:8      | Reached skill level 11 in Spellcasting
 16211 | D:8      | Found a staircase to the Lair.
 17120 | Lair:1   | Entered Level 1 of the Lair of Beasts
 17327 | Lair:1   | Noticed a seven-headed hydra
 17328 | Lair:1   | Noticed a five-headed hydra
 17334 | Lair:1   | Killed a seven-headed hydra
 17340 | Lair:1   | Killed a five-headed hydra
 17341 | Lair:1   | Reached skill level 5 in Shields
 17349 | Lair:1   | Reached skill level 12 in Spellcasting
 18509 | Lair:1   | Reached XP level 12. HP: 65/73 MP: 0/0
 18998 | Lair:1   | Noticed a seven-headed hydra
 19007 | Lair:1   | Killed a seven-headed hydra
 19414 | Lair:2   | Reached skill level 13 in Spellcasting
 19748 | Lair:2   | Noticed a five-headed hydra
 19757 | Lair:2   | Killed a five-headed hydra
 20610 | Lair:2   | Found a staircase to the Swamp.
 21493 | Lair:2   | Identified the +0 war axe of Eternal Vigilance {drain, rF-
                  | Int+7 Dex+4}
 21828 | Swamp:1  | Entered Level 1 of the Swamp
 21828 | Swamp:1  | Noticed a spriggan rider
 21828 | Swamp:1  | Noticed a spriggan rider
 21828 | Swamp:1  | Noticed a five-headed hydra
 21862 | Lair:3   | Reached skill level 14 in Spellcasting
 21874 | Lair:3   | Reached XP level 13. HP: 55/77 MP: 0/0
 21874 | Lair:3   | Learned a level 5 spell: Metabolic Englaciation
 22057 | Lair:3   | Found a staircase to the Snake Pit.
 22066 | Lair:3   | Reached skill level 1 in Armour
 22725 | Lair:3   | Noticed an eight-headed hydra
 22736 | Lair:3   | Killed an eight-headed hydra
 23187 | Lair:3   | Reached skill level 5 in Dodging
 23564 | Snake:1  | Entered Level 1 of the Snake Pit
 23578 | Snake:1  | Noticed a naga warrior
 23592 | Snake:1  | Reached skill level 5 in Stealth
 23594 | Snake:1  | Killed a naga warrior
 23596 | Snake:1  | Noticed Jorgrun
 23596 | Snake:1  | Killed from afar by Jorgrun

Illustrated notes

Levels and vault maps discovered:
D:1:      dpeg_arrival_brainrot, layout_basic, due_unseen_surprise
D:2:      layout_basic
D:3:      layout_basic, nemelex_dance_club_becter
D:4:      layout_rooms, minmay_temple_entry_crystal_x, st_stairs_10,
          minmay_misc_feat_encased
D:5:      layout_loops_cross, serial_shops, nicolae_shop_advertising_works
          [nicolae_subvault_shop_adworks]
D:6:      layout_rooms, uniq_pikel
D:7:      layout_cave_pools, enter_ossuary_3, sigmund_edmund_badplayer
D:8:      layout_basic, erik_lair_dragon, minmay_nine_imps
Temple:   mainiacjoe_temple_cubbyholes
Lair:1:   layout_misc_corridors, serial_bayou_pond_e
Lair:2:   layout_small_grid, minmay_swamp_entry_worms
Lair:3:   layout_regular_city, dummy_snake_entry
Swamp:1:  layout_basic_swamp, nicolae_swamp_tree_isthmus,
          infiniplex_staircase_pool_2
Snake:1:  layout_misc_corridors, ebering_ghost_gozag, uniq_jorgrun,
          uniq_asterion

Skill      XL: |  1  2  3  4  5  6  7  8  9 10 11 12 13 |
---------------+----------------------------------------+-----
Spellcasting   | 3 4 5 6 7 9 10 12 14 | 14.5
Stealth        | 2 3 4 5 |  5.0
Dodging        | 3 4 5 |  5.0
Shields        | 1 3 5 7 |  7.3
Fighting       | 1 |  1.6
Armour         | 2 |  2.8

Action                   |  1- 3 |  4- 6 |  7- 9 | 10-12 | 13-15 || total
-------------------------+-------+-------+-------+-------+-------++-------
Melee: Quarterstaff      |     3 |     2 |       |       |       ||     5
       Whip              |       |       |       |    16 |       ||    16
       Trident           |       |       |       |     3 |       ||     3
 Cast: Foxfire           |    72 |    61 |    42 |   267 |    25 ||   467
       Scorch            |     7 |    21 |    25 |    36 |    12 ||   101
       Inner Flame       |       |     8 |    22 |    67 |     9 ||   106
       Ensorcelled Hiber |       |       |     2 |     3 |       ||     5
       Conjure Flame     |       |       |     1 |       |     3 ||     4
       Stone Arrow       |       |       |     8 |    57 |    12 ||    77
       Freeze            |       |       |       |     4 |       ||     4
       Cause Fear        |       |       |       |     1 |     2 ||     3
       Metabolic Englaci |       |       |       |       |     1 ||     1
  Use: Scroll            |       |       |       |     8 |     5 ||    13
Armor: Robe              |     2 |     1 |     8 |     3 |     2 ||    16
Dodge: Dodged            |     8 |     3 |    18 |    12 |     6 ||    47
Block: Buckler           |       |       |     6 |       |       ||     6
       Tower shield      |       |       |     2 |    32 |    13 ||    47
